 Dungeon Crawl Stone Soup version 0.29.1-15-g9cfb28693d (webtiles) character file.

Game seed: 8619170599595839836

74 Artool the Trooper (level 4, 21/37 HPs)
             Began as a Demonspawn Fighter on Apr 11, 2023.
             Quit the game on level 3 of the Dungeon.
             The game lasted 00:01:46 (1883 turns).

Artool the Trooper (Demonspawn Fighter)             Turns: 1883, Time: 00:01:46

Health: 21/37      AC:  6    Str: 19    XL:     4   Next: 9%
Magic:  4/4        EV:  9    Int: 11    God:
Gold:   144        SH:  4    Dex: 12    Spells: 3/3 levels left

rFire   . . .      SeeInvis .   a - +0 flail
rCold   . . .      Faith    .   c - +0 buckler
rNeg    . . .      Spirit   .   b - +0 scale mail
rPois   .          Reflect  .   (no helmet)
rElec   .          Harm     .   (no cloak)
rCorr   .          Rampage  .   (no gloves)
Will    .....                   (no boots)
Stlth   ..........              (no amulet)
HPRegen 0.12/turn               (no ring)
MPRegen 0.18/turn               (no ring)

@: no status effects
A: magic regeneration, big brain 1
a: no special abilities


You were on level 3 of the Dungeon.
You visited 1 branch of the dungeon, and saw 3 of its levels.

You collected 144 gold pieces.

Inventory:

Hand Weapons
 a - a +0 flail (weapon)
Armour
 b - a +0 scale mail (worn)
 c - a +0 buckler (worn)
Magical Staves
 f - a staff of fire
Jewellery
 j - an amulet of faith
Scrolls
 e - a scroll of fear {unknown}
 h - 3 scrolls of teleportation {unknown}
 l - a scroll of identify {unknown}
 n - a scroll of summoning {unknown}
 o - a scroll of blinking {unknown}
 p - a scroll of vulnerability {unknown}
 r - a scroll of immolation {unknown}
 s - a scroll of butterflies {unknown}
Potions
 d - 2 potions of might
 g - a potion of flight {unknown}
 i - 3 potions of curing {unknown}
 k - 3 potions of brilliance {unknown}
 m - a potion of resistance {unknown}
 q - a potion of lignification {unknown}
 t - a potion of heal wounds {unknown}
 u - a potion of degeneration {unknown}


   Skills:
 + Level 3.7 Fighting
 + Level 2.6 Maces & Flails
 + Level 3.3 Armour
 - Level 3.0 Shields


You had 3 spell levels left.
You didn't know any spells.
Your spell library contained the following spells:

 Spells                   Type           Power      Damage    Failure   Level
 Apportation              Tloc           0%         N/A       80%         1
 Necrotise                Necr           0%         1d4       80%         1
 Summon Small Mammal      Summ           0%         N/A       80%         1


Dungeon Overview and Level Annotations

Branches:
Dungeon (3/15)

Altars:
Fedhas

Shops:
D:1 ?


Innate Abilities, Weirdness & Mutations

You regenerate magic rapidly.
You have an unusually large brain. (Int +2)


Message History

The adder bites you but does no damage. You block the quokka's attack.
The quokka bites you. The adder attacks as you move away!
The adder barely misses you. The adder bites you but does no damage.
You closely miss the quokka. You block the quokka's attack.
The quokka barely misses you.
You closely miss the quokka. You block the quokka's attack.
You barely miss the quokka. You block the quokka's attack.
The quokka closely misses you.
You thump the quokka!
You kill the quokka!
The adder bites you but does no damage.
You closely miss the adder.
The adder is lightly wounded.
The adder bites you but does no damage. The adder barely misses you.
You closely miss the adder.
The adder is lightly wounded.
The adder bites you but does no damage. x2
You closely miss the adder.
The adder is lightly wounded.
The adder barely misses you. The adder closely misses you.
You closely miss the adder.
The adder is lightly wounded.
The adder bites you but does no damage.
You barely miss the adder.
The adder is lightly wounded.
The adder misses you. The adder bites you but does no damage.
You sock the adder!
The adder is severely wounded.
The adder bites you but does no damage. The adder closely misses you.
You sock the adder!
You kill the adder!
The orc hits you but does no damage.
You have reached level 4!
You feel stronger.
Your demonic ancestry asserts itself...
Your brain expands.
You thump the orc!
You kill the orc!
Items here: ) †††.
Are you sure you want to abandon this character and quit the game? (Confirm with "yes".)

##..# # #...# .#
#.#.# #####.##
#.#.# #......##
##.#.# #....#...
##....###†#....##
#.###............
# #.#
#.....#.#.##
#...###.###.###@#
#....†...## #.#
#.###...## #.#
##..... ..#
##.####### #.#
#.# ###


There were no monsters in sight!

Vanquished Creatures
  2 adders
  A worm (D:2)
  2 dart slugs (D:2)
  An orc (D:3)
  3 ball pythons (D:1)
  3 bats
  2 endoplasms
  2 giant cockroaches
  7 hobgoblins
  7 kobolds
  5 quokkas
  4 frilled lizards
  7 rats
46 creatures vanquished.

Notes
Turn   | Place    | Note
-------+----------+-------------------------------------------
     0 | D:1      | Artool the Demonspawn Fighter began the quest for the Orb.
     0 | D:1      | Reached XP level 1. HP: 18/18 MP: 1/1
    84 | D:1      | Gained mutation: You regenerate magic rapidly. [demonic
                  | ancestry]
    84 | D:1      | Reached XP level 2. HP: 22/24 MP: 2/2
   113 | D:1      | Found a faded altar of an unknown god.
   647 | D:1      | Found Hiecigu's Magic Scroll Shoppe.
   944 | D:2      | Reached XP level 3. HP: 23/29 MP: 3/3
  1274 | D:2      | Found a blossoming altar of Fedhas.
  1881 | D:3      | Gained mutation: You have an unusually large brain. (Int
                  | +2) [demonic ancestry]
  1881 | D:3      | Reached XP level 4. HP: 21/37 MP: 4/4
  1883 | D:3      | Quit the game

Illustrated notes

Levels and vault maps discovered:
D:1:      dpeg_arrival_arbitrary_c, layout_basic, serial_shops, shop_statue,
          hellmonk_ecumenical_altar_zigzags, minmay_tiny_reverse_x
D:2:      layout_rooms, basic_altar
D:3:      layout_loops_ring, nicolae_overflow_hidden_temple,
          mainiacjoe_overflow_boulevard, gammafunk_ghost_nasty_kobolds,
          minmay_goblin_outpost

Skill      XL: |  1  2 |
---------------+-------+-----
Maces & Flails | 2 |  2.6
Shields        | 3 |  3.0
Armour         | 3 |  3.3
Fighting       | |  3.7

Action                   |  1- 3 |  4- 6 || total
-------------------------+-------+-------++-------
Melee: Flail             |   154 |     1 ||   155
Armor: Scale mail        |    93 |       ||    93
Dodge: Dodged            |    74 |       ||    74
Block: Buckler           |    53 |       ||    53
